 Dungeon Crawl Stone Soup version 0.30-a0-23-ge60ba3568b (webtiles) character file.

Game seed: 14697157164370527778

32139 Pooter the Severer (level 13, 0/119 HPs)
             Began as a Minotaur Berserker on Aug 24, 2022.
             Was a Priest of Trog.
             Slain by an orc knight
             ... wielding a +0 great mace
              (9 damage)
             ... on level 1 of the Orcish Mines on Aug 25, 2022.
             The game lasted 01:51:03 (17699 turns).

Pooter the Severer (Minotaur Berserker)            Turns: 17699, Time: 01:51:03

Health: 0/119      AC: 16    Str: 31    XL:     13   Next: 29%
Magic:  12/12      EV:  6    Int:  9    God:    Trog [***...]
Gold:   1262       SH:  5    Dex: 16    Spells: 12/12 levels left

rFire   + . .      SeeInvis .    a - +2 battleaxe
rCold   + . .      Faith    .    (shield currently unavailable)
rNeg    . . .      Spirit   .    T - +0 gold dragon scales
rPois   +          Reflect  +    B - +1 hat {Int+3}
rElec   .          Harm     .    F - scarf {repulsion}
rCorr   .          Rampage  .    m - +0 pair of gloves
Will    +++..                    j - +0 pair of boots
Stlth   ..........               A - amulet of reflection
HPRegen 1.29/turn                U - ring "Feorhy" {Will+ Str+6}
MPRegen 0.13/turn                k - +6 ring of dexterity

@: strong-willed, on berserk cooldown, regenerating, slowed, studying Fighting,
invisible, repel missiles, very slow
A: horns 2, retaliatory headbutt
a: Renounce Religion, Berserk, Trog's Hand


You were on level 1 of the Orcish Mines.
You worshipped Trog.
Trog was most pleased with you.
You visited 2 branches of the dungeon, and saw 13 of its levels.
You also visited: Gauntlet and Ice Cave.

You collected 1262 gold pieces.

Inventory:

Hand Weapons
 a - a +2 battleaxe (weapon)
   (You took it off a wight on level 6 of the Dungeon)
 b - a +1 arbalest
   (You found it on level 4 of the Dungeon)
 i - a +2 antimagic trident
   (You took it off an orc priest on level 2 of the Orcish Mines)
 y - a +1 hand axe of electrocution
   (You found it on level 2 of the Dungeon)
 J - a +0 broad axe of venom
   (You found it in a Gauntlet)
 O - a +2 war axe of flaming
   (You found it on level 4 of the Dungeon)
Missiles
 E - 9 boomerangs
 H - 52 poisoned darts (quivered)
 L - a throwing net {!f}
 P - 4 curare-tipped darts
 Q - 66 stones
 W - 3 silver javelins
Armour
 j - a +0 pair of boots (worn)
   (You found it on level 1 of the Dungeon)
 m - a +0 pair of gloves (worn)
   (You found it on level 2 of the Dungeon)
 r - a +2 plate armour of cold resistance
   (You found it in an ice cave)
 B - a +1 hat of intelligence (worn)
   (You found it on level 8 of the Dungeon)
 D - the +4 scale mail of Hysteria {-Tele rElec rPois rC+++}
   (You found it on level 3 of the Dungeon)

   rC:        It renders you almost immune to cold.
   rElec:     It insulates you from electricity.
   rPois:     It protects you from poison.
   -Tele:     It prevents most forms of teleportation.
 F - a scarf of repulsion (worn)
   (You found it in a Gauntlet)
 T - +0 gold dragon scales (worn)
   (You found it in a Gauntlet)
 Y - quicksilver dragon scales
   (You took it off a minotaur in a Gauntlet)
Jewellery
 k - a +6 ring of dexterity (right hand)
   (You found it on level 8 of the Dungeon)
 A - an amulet of reflection (around neck)
   (You found it on level 6 of the Dungeon)
 C - a ring of resist corrosion
   (You found it on level 4 of the Dungeon)
 G - a +4 ring of protection
   (You took it off an orc on level 7 of the Dungeon)
 I - a +4 ring of evasion
   (You found it on level 11 of the Dungeon)
 U - the ring "Feorhy" (left hand) {Will+ Str+6}
   (You acquired it in a Gauntlet)

   [ring of strength]

   Str:       It affects your strength (+6).
   Will:      It increases your willpower.
 Z - a ring of protection from fire
   (You found it in a Gauntlet)
Wands
 f - a wand of flame (30)
   (You found it on level 10 of the Dungeon)
 s - a wand of polymorph (1)
   (You found it on level 8 of the Dungeon)
 M - a wand of mindburst (1)
   (You took it off an orc wizard on level 9 of the Dungeon)
Scrolls
 e - 2 scrolls of noise {!r}
 g - 4 scrolls of immolation {!r}
 o - 2 scrolls of vulnerability {!r}
 t - 6 scrolls of teleportation {@r4}
 z - 3 scrolls of butterflies
 V - a scroll of magic mapping
Potions
 c - a potion of haste {@q3}
 d - a potion of ambrosia {unknown}
 h - 5 potions of flight
 l - a potion of magic {unknown}
 n - a potion of attraction {!q}
 p - 2 potions of lignification {!q}
 v - 5 potions of curing {@q1}
 w - 2 potions of cancellation {unknown}
 x - 2 potions of degeneration {unknown}
 N - 2 potions of might {unknown}
 R - 2 potions of resistance {unknown}
 S - a potion of mutation {unknown}


   Skills:
 + Level 12.4 Fighting
 * Level 16.6 Axes
 * Level 14.0 Ranged Weapons
 - Level 2.4 Armour
 - Level 2.1 Dodging
 + Level 8.1 Evocations


You had 12 spell levels left.
You didn't know any spells.
Your spell library was empty.

Dungeon Overview and Level Annotations

Branches:
Dungeon (11/15)            Temple (0/1) D:6            Lair (0/5) D:11
    Orc (2/2) D:11            Elf (0/3) Orc:2         IceCv (visited)
Gauntlet (visited)

Altars:
Ashenzari
Cheibriados
Kikubaaqudgha
Nemelex Xobeh
Ru
Sif Muna
Wu Jian
Zin

Shops:
D:6 *

Annotations:
Orc:1 4 transporters


Innate Abilities, Weirdness & Mutations

You have a pair of horns on your head.
You reflexively headbutt those who attack you in melee.


Message History

You feel a strong urge to attack something.
You feel the effects of Trog's Hand fading.
The orc knight shoots a bolt.
The bolt hits you!
* * * LOW HITPOINT WARNING * * *
You feel your anger nearly subside.
The orc knight shoots a bolt.
The bolt hits you!!
* * * LOW HITPOINT WARNING * * *
You are no longer berserk.
You are exhausted.
You feel yourself slow down.
Things that are here:
a +0 flail; a +0 chain mail You slash the orc knight!
Your headbutt misses the orc knight.
The orc knight unwields a +0 arbalest.
The orc knight wields a +0 great mace.
The orc knight hits you with a +0 great mace!
* * * LOW HITPOINT WARNING * * *
You feel much better.
The orc knight hits you with a +0 great mace.
* * * LOW HITPOINT WARNING * * *
The orc knight hits you with a +0 great mace!
* * * LOW HITPOINT WARNING * * *
You fade into invisibility!
Your skin stops crawling.
You feel less strong-willed.
The orc knight hits you with a +0 great mace!
* * * LOW HITPOINT WARNING * * *
You feel much better.
The orc knight hits you with a +0 great mace!!
* * * LOW HITPOINT WARNING * * *
The orc knight hits you with a +0 great mace.
* * * LOW HITPOINT WARNING * * *
Okay, then.
The orc knight hits you with a +0 great mace.
* * * LOW HITPOINT WARNING * * *
There is a stone staircase leading up, spattered with blood here.
The orc knight barely misses you. You furiously retaliate!
You headbutt the orc knight.
The orc knight hits you with a +0 great mace!
* * * LOW HITPOINT WARNING * * *
You climb upwards.
Level annotation: 4 transporters
There is a stone staircase leading down, spattered with blood here.
Things that are here:
a +3 short sword; a +0 chain mail; a +0 glaive You feel much better.
You block the orc knight's attack.
Your skin crawls.
You feel strong-willed.
The orc knight hits you with a +0 great mace!!
* * * LOW HITPOINT WARNING * * *
The orc knight hits you with a +0 great mace!
You die...

##......###...))###.......### #
#....#####.......###..###..## #
##......##......#.#####†##### ###
#.....##.....#....##††††#### #.#
##..........##.####†.†.#†##.
#.#######.......##..###†.††††.†##
......###.......######..†††.††.##
......>##.......##.##≈≈≈...††.†≈#
........#.......@o.##≈≈≈≈††††.≈≈≈
...............[)...#...≈≈††~~≈~~
..#...........#..)..##..~≈≈≈~.~~.
###.........####)...##†..~~≈≈~~..
........[..####.....##......≈~..#
.........[..#..........####....##
.......#..[...............######
.......##).).............##
.._..#####.)....#....#.#.#


You could see an orc knight (unable to see you).

Vanquished Creatures
  A reaper (IceCv)
  A minotaur (Gauntlet)
  2 ettins
  A hydra (D:11)
  A catoblepas (Gauntlet)
  A two-headed ogre (D:9)
  A fire crab (Orc:2)
  An obsidian statue (D:11)
  2 orc knights
  An orc sorcerer (Orc:1)
  An ugly thing (D:7)
  A cyclops (D:11)
  4 ice statues
  Joseph (D:7)
  2 gargoyles (Gauntlet)
  A komodo dragon (D:11)
  An unseen horror (D:11)
  4 rime drakes
  2 kobold demonologists
  6 ice devils (IceCv)
  2 anaconda simulacra (IceCv)
  5 trolls
  A hornet (D:9)
  Prince Ribbit (D:6)
  2 shadows (D:11)
  25 yaks
  A wyvern (D:11)
  2 basilisks (D:11)
  4 vampire mosquitoes (D:11)
  Eustachio (D:4)
  2 steam dragons
  3 harpy simulacra (IceCv)
  5 hydra simulacra (IceCv)
  8 wargs
  3 acid dragons
  A water moccasin (D:7)
  24 orc warriors
  3 ice beasts
  2 sky beasts (D:7)
  A black bear (D:3)
  11 ogres
  16 centaurs
  2 phantoms
  10 kobold brigands
  Blork the orc (D:4)
  4 gnoll sergeants
  A scorpion (D:5)
  5 bullfrogs
  A cane toad simulacrum (IceCv)
  A two-headed ogre simulacrum (IceCv)
  A necrophage (D:8)
  10 wights
  13 killer bees
  An elephant simulacrum (IceCv)
  A howler monkey (D:6)
  3 hounds
  A jelly (D:4)
  11 orc priests
  3 iguanas (D:5)
  Natasha (D:2)
  2 gnoll boudas (D:7)
  Ijyb (D:4)
  Terence (D:3)
  17 orc wizards
  A polar bear simulacrum (IceCv)
  Robin (D:4)
  12 gnolls
  6 adders
  2 shadow imps (D:7)
  3 white imps
  2 ufetubi
  5 dart slugs
  66 orcs
  5 ball pythons
  9 endoplasms
  2 giant cockroaches
  10 goblins
  8 hobgoblins
  10 jackals
  5 quokkas
  15 bats
  5 frilled lizards
  10 kobolds
  4 rats
430 creatures vanquished.

Vanquished Creatures (others)
  A kobold brigand (D:9)
  3 plants (D:2)
  A withered plant (Gauntlet)
5 creatures vanquished.

Grand Total: 435 creatures vanquished

Notes
Turn   | Place    | Note
-------+----------+-------------------------------------------
     0 | D:1      | Pooter the Minotaur Berserker began the quest for the Orb.
     0 | D:1      | Reached XP level 1. HP: 19/19 MP: 0/0
     3 | D:1      | You fall into a shaft and drop 1 floor!
   110 | D:2      | Reached skill level 4 in Axes
   227 | D:2      | Reached XP level 2. HP: 12/27 MP: 1/1
   937 | D:1      | Reached XP level 3. HP: 33/33 MP: 2/2
  1049 | D:1      | Found a faded altar of an unknown god.
  1459 | D:1      | Reached ** piety under Trog
  1689 | D:2      | Noticed Natasha
  1742 | D:2      | Killed Natasha
  1743 | D:2      | Reached skill level 5 in Axes
  1743 | D:2      | Reached XP level 4. HP: 36/41 MP: 3/3
  2223 | D:3      | Found an ancient bone altar of Kikubaaqudgha.
  2293 | D:3      | Identified the +4 scale mail of Hysteria {-Tele rElec rPois
                  | rC+++}
  2334 | D:3      | Noticed a black bear
  2345 | D:3      | Killed a black bear
  2346 | D:3      | Reached skill level 5 in Fighting
  2346 | D:3      | Reached skill level 6 in Axes
  2346 | D:3      | Reached XP level 5. HP: 43/48 MP: 4/4
  2590 | D:3      | Noticed Terence
  2594 | D:3      | Killed Terence
  2595 | D:3      | Reached skill level 7 in Axes
  2595 | D:3      | Reached XP level 6. HP: 43/56 MP: 5/5
  3010 | D:4      | Noticed Robin
  3011 | D:4      | Reached *** piety under Trog
  3020 | D:4      | Killed Robin
  3042 | D:4      | Noticed Eustachio
  3058 | D:4      | Killed Eustachio
  3059 | D:4      | Reached skill level 1 in Ranged Weapons
  3216 | D:4      | Reached XP level 7. HP: 54/63 MP: 6/6
  3452 | D:4      | Found a sparkling altar of Nemelex Xobeh.
  3500 | D:4      | Noticed Ijyb
  3503 | D:4      | Noticed Blork the orc
  3510 | D:4      | Killed Ijyb
  3515 | D:4      | Killed Blork the orc
  3516 | D:4      | Reached skill level 8 in Axes
  3564 | D:5      | Entered Level 5 of the Dungeon
  4128 | D:5      | Reached skill level 1 in Evocations
  4505 | D:6      | Reached XP level 8. HP: 71/71 MP: 7/7
  4513 | D:6      | Reached **** piety under Trog
  4558 | D:6      | Reached skill level 9 in Axes
  4566 | D:6      | Reached skill level 5 in Ranged Weapons
  4577 | D:6      | Reached skill level 10 in Axes
  4884 | D:6      | Found Zupalez's Overcharged Wands.
  4906 | D:6      | Found a staircase to the Ecumenical Temple.
  4951 | D:6      | Found a sacrificial altar of Ru.
  4994 | D:6      | Reached XP level 9. HP: 79/79 MP: 8/8
  5121 | D:6      | Noticed Prince Ribbit
  5131 | D:6      | Killed Prince Ribbit
  5414 | D:6      | Found a shimmering blue altar of Sif Muna.
  5414 | D:6      | Found a glowing silver altar of Zin.
  5990 | D:7      | Found a broken altar of Ashenzari.
  5991 | D:7      | Noticed Joseph
  5999 | D:7      | Killed Joseph
  6203 | D:7      | Reached skill level 11 in Axes
  6385 | D:7      | Noticed a purple ugly thing
  6535 | D:7      | Killed a purple ugly thing
  6536 | D:7      | Reached XP level 10. HP: 90/90 MP: 9/9
  6941 | D:7      | Reached skill level 12 in Axes
  8227 | D:8      | Reached skill level 5 in Evocations
  9197 | D:9      | Noticed a two-headed ogre
  9225 | D:9      | Killed a two-headed ogre
  9226 | D:9      | Reached skill level 10 in Ranged Weapons
  9230 | D:9      | Reached skill level 13 in Axes
  9232 | D:9      | Reached XP level 11. HP: 97/97 MP: 10/10
  9629 | D:9      | Found a snail-covered altar of Cheibriados.
  9817 | D:10     | Entered Level 10 of the Dungeon
 10036 | D:10     | Reached skill level 10 in Fighting
 10737 | D:11     | Found a frozen archway.
 10901 | IceCv    | Entered an ice cave
 10926 | IceCv    | Reached skill level 14 in Axes
 11717 | IceCv    | Reached XP level 12. HP: 92/108 MP: 11/11
 11830 | IceCv    | Noticed a reaper
 11840 | IceCv    | Killed a reaper
 12494 | D:11     | Found a staircase to the Lair.
 12692 | D:11     | Reached skill level 15 in Axes
 12852 | D:11     | Noticed a four-headed hydra
 13004 | D:11     | Killed a two-headed hydra
 13709 | D:11     | Found a staircase to the Orcish Mines.
 13715 | Orc:1    | Entered Level 1 of the Orcish Mines
 13843 | Orc:1    | Noticed an ettin
 13881 | D:11     | HP: 6/165 [ettin/+0 dire flail (33)]
 13883 | D:11     | Killed an ettin
 14757 | Orc:1    | Noticed an ettin
 14767 | Orc:1    | Killed an ettin
 14768 | Orc:1    | Reached skill level 16 in Axes
 14848 | Orc:1    | Found an ornate altar of the Wu Jian Council.
 14848 | Orc:1    | Found a transporter.
 15000 | Orc:1    | Found a transporter.
 15007 | Orc:1    | Found a transporter.
 15027 | Orc:1    | Found a transporter.
 15027 | Orc:1    | Found an ornate altar of the Wu Jian Council.
 15027 | Orc:1    | Noticed an orc warlord
 15085 | Orc:2    | Entered Level 2 of the Orcish Mines
 15451 | Orc:2    | Found a gate leading to a gauntlet.
 15456 | Orc:2    | Found a staircase to the Elven Halls.
 15463 | Gauntlet | Entered a Gauntlet
 15463 | Gauntlet | Found a transporter.
 15463 | Gauntlet | Found a runed translucent door.
 15464 | Gauntlet | Found a runed translucent door.
 15465 | Gauntlet | Noticed a catoblepas
 15470 | Gauntlet | Found a transporter.
 15472 | Gauntlet | Found a transporter.
 15526 | Gauntlet | Killed a catoblepas
 15527 | Gauntlet | Reached XP level 13. HP: 117/117 MP: 12/12
 15527 | Gauntlet | Found a transporter.
 15677 | Gauntlet | Found a transporter.
 15679 | Gauntlet | Found a transporter.
 15679 | Gauntlet | Found a transporter.
 15682 | Gauntlet | Noticed a reaper
 15698 | Gauntlet | Noticed a green death
 15724 | Gauntlet | Identified a scroll of acquirement
 15724 | Gauntlet | Acquired the ring "Feorhy" {Will+ Str+6}
 15743 | Gauntlet | Found a transporter.
 15748 | Gauntlet | Identified the +0 hat "Viorgh Wuxarch" {Int+6}
 15756 | Gauntlet | Noticed a minotaur
 15766 | Gauntlet | Killed a minotaur
 15826 | Gauntlet | Identified the +4 trident "Taloc" {freeze, Contam rPois rC-
                  | rCorr}
 17699 | Orc:1    | Slain by an orc knight

Illustrated notes

Levels and vault maps discovered:
D:1:      matt_arrival_diagonals, layout_basic, basic_ecumenical_altar
D:2:      layout_basic, serial_forest, infiniplex_forest_corner_1,
          infiniplex_forest_straight_2, infiniplex_forest_corner_2,
          infiniplex_forest_end_3, infiniplex_forest_end_3,
          kennysheep_decorative_pillar, chequers_decorated_corner, uniq_natasha
D:3:      layout_loops_ring, overflow_temple_1_default, uniq_terence
D:4:      layout_basic, nemelex_dance_club_becter, hangedman_decor_points,
          grunt_decor_resistance, uniq_blork_the_orc, uniq_eustachio,
          uniq_robin, uniq_ijyb
D:5:      layout_gridville, kennysheep_generic_room_11
D:6:      layout_basic, hangedman_ru_absence,
          gammafunk_temple_overflow_elements, minmay_temple_entry_fiery,
          minmay_fountain_box, nicolae_shop_overcharged_wands,
          uniq_prince_ribbit1
D:7:      kennysheep_windowed_halls, layout_loops_ring,
          mainiacjoe_overflow_24_doors, uniq_joseph
D:8:      layout_basic
D:9:      layout_rooms, lemuel_round_altar, hangedman_glass_teeth,
          corexii_leaking_fountain
D:10:     layout_basic
D:11:     minmay_separated_statues, layout_long_grid, erik_lair_dragon,
          kennysheep_orc_monster_closet_entryway, portal_ice_cave_rime
Orc:1:    dreamdust_wu_jian_sword_trials, layout_diamond_mine, basic_altar,
          mines_bat_river
Orc:2:    st_orc_rangers, layout_diamond_mine, gauntlet_entry_generic,
          nooodl_orcs_dogs

Skill      XL: |  1  2  3  4  5  6  7  8  9 10 11 12 13 |
---------------+----------------------------------------+-----
Axes           | 4 5 6 7 8 10 11 13 14 16 | 16.6
Fighting       | 4 5 6 7 8 9 10 11 12 | 12.4
Ranged Weapons | 2 4 6 8 10 11 13 14 | 14.0
Evocations     | 1 3 4 5 6 7 8 |  8.1
Armour         | |  2.4
Dodging        | |  2.1

Action                   |  1- 3 |  4- 6 |  7- 9 | 10-12 | 13-15 || total
-------------------------+-------+-------+-------+-------+-------++-------
Melee: Hand axe          |    69 |    89 |    10 |       |       ||   168
       Headbutt          |     3 |    16 |    18 |   125 |    11 ||   173
       War axe           |       |       |    59 |    18 |       ||    77
       Battleaxe         |       |       |    26 |   492 |    42 ||   560
       Punch             |       |       |       |     1 |       ||     1
 Fire: Arbalest          |       |    19 |    85 |   187 |    82 ||   373
Throw: Stone             |     4 |       |       |       |       ||     4
       Dart              |       |       |       |     8 |     2 ||    10
Invok: Trog's Hand       |       |     2 |     4 |    32 |     7 ||    45
       Berserk           |       |     1 |     7 |    19 |     4 ||    31
Evoke: Wand              |       |       |     1 |    11 |     7 ||    19
  Use: Scroll            |     1 |     1 |     9 |    17 |     2 ||    30
       Potion            |       |       |       |     3 |     5 ||     8
 Stab: Sleeping          |     1 |       |       |       |       ||     1
       Invisible         |       |       |       |     3 |     4 ||     7
Armor: Animal skin       |    24 |     3 |       |       |       ||    27
       Scale mail        |       |    57 |    44 |   280 |     4 ||   385
       Gold dragon scale |       |       |       |       |    26 ||    26
Dodge: Dodged            |    38 |    51 |    55 |   270 |    37 ||   451
       Repelled          |       |       |       |       |     1 ||     1
Block: Other             |       |       |     6 |   133 |    16 ||   155
       Reflection        |       |       |       |    16 |     7 ||    23

Table legend: (Time is in decaauts)
 A = Elapsed time spent in this place.
 B = Non-inter-level travel time spent in this place.
 C = Inter-level travel time spent in this place.
 D = Time resting spent in this place.
 E = Time spent auto-exploring this place.
 F = Levels seen in this place.
 G = Mean time per level.
                   A        B        C        D        E       F      G
               +--------+--------+--------+--------+--------+-----+--------+
         Total |  18113 |  17841 |    272 |   6009 |   7936 |  15 | 1207.5 |
       Dungeon |  13265 |  12993 |    272 |   3263 |   7460 |  11 | 1205.9 |
  Orcish Mines |   3221 |   3221 |      0 |   1752 |    342 |   2 | 1610.5 |
      Ice Cave |   1176 |   1176 |      0 |    807 |    104 |   1 | 1176.0 |
      Gauntlet |    449 |    449 |      0 |    185 |     30 |   1 |  449.0 |
               +--------+--------+--------+--------+--------+-----+--------+

Top non-repeatable levels by time:
    D:11: 2278 daAuts
   Orc:2: 1702 daAuts
     D:7: 1540 daAuts
   Orc:1: 1519 daAuts
     D:8: 1509 daAuts
     D:6: 1499 daAuts
   IceCv: 1176 daAuts
     D:1: 1147 daAuts
     D:2: 1078 daAuts
    D:10: 979 daAuts
     D:5: 963 daAuts
     D:9: 905 daAuts
     D:4: 719 daAuts
     D:3: 644 daAuts
Gauntlet: 449 daAuts
